 Dungeon Sprint DCSS version 0.21.1-1-g345015f (webtiles) character file.

144 Dfrag the Ruffian (level 5, -7/61 HPs)
             Began as a Troll Berserker on Feb 25, 2018.
             Was a Priest of Trog.
             Mangled by a tarantella (10 damage)
             ... summoned by a deep elf mage
             ... in the Dungeon (Sprint III: "The Ten Rune Challenge").
             The game lasted 00:00:51 (184 turns).

Dfrag the Ruffian (Troll Berserker)                  Turns: 184, Time: 00:00:52

Health: -7/61      AC:  7    Str: 26    XL:     5   Next: 5%
Magic:  3/3        EV: 10    Int:  3    God:    Trog [***...]
Gold:   18         SH:  0    Dex:  9    Spells: 4/4 levels left

rFire    . . .     SeeInvis .     - Unarmed
rCold    . . .     Gourm    +   (no shield)
rNeg     . . .     Faith    .   a - +0 animal skin
rPois    +         Spirit   .   (helmet restricted)
rElec    .         Reflect  .   i - +1 cloak {rPois}
rCorr    .         Harm     .   (gloves unavailable)
MR       .....     NoTele   +   (boots unavailable)
Stlth    +.........             (no amulet)
HPRegen  0.60/turn              (no ring)
MPRegen  0.08/turn              (no ring)

@: confused, berserk cooldown, slowed, very slow
A: large, unfitting armour, claws 3, fast metabolism 3, gourmand, low mp 1,
regeneration 1, shaggy fur 1, tough skin 2, sturdy frame 1
a: Berserk, Trog's Hand, Burn Spellbooks, Renounce Religion


You were in the Dungeon.
You worshipped Trog.
Trog was most pleased with you.
You were hungry.

You visited 1 branch You collected 18 gold pieces.

Inventory:

Armour
 a - a +0 animal skin (worn)
 i - a +1 cloak of poison resistance (worn)
Scrolls
 h - a scroll of blinking
 j - 2 scrolls of holy word {unknown}
 k - 2 scrolls of identify {unknown}
 l - 3 scrolls of remove curse
Potions
 c - a potion of curing
 d - a potion of heal wounds
 e - a potion of haste
 f - 2 potions of magic
 g - a potion of berserk rage
 m - 3 potions of flight
Comestibles
 b - 4 rations


   Skills:
 + Level 6.3 Fighting
 - Level 2.9 Dodging
 + Level 7.6 Unarmed Combat


You had 4 spell levels left.
You didn't know any spells.

Dungeon Overview and Level Annotations

Branches:
Dungeon (1/1)

Altars:
Elyvilon
Zin
The Shining One


Innate Abilities, Weirdness & Mutations

You are too large for most types of armour.
You have claws for hands.
Your metabolism is lightning-fast.
You like to eat raw meat.
Your natural rate of healing is unusually fast.
You are covered in fur. (AC +1)
You have very tough skin. (AC +2)
Your magical capacity is low. (-10% MP)
Your movements are slightly less encumbered by armour. (ER -2)


Message History

You're too confused to move!
The tarantella bites you.
You feel a strong urge to attack something.
Unknown command.
You bump into the stone wall.
The tarantella bites you!
The deep elf mage mumbles some strange words.
You feel your anger nearly subside.
You are no longer berserk.
You are exhausted.
You feel yourself slow down. The tarantella bites you.
You're too confused to move!
The tarantella bites you!
You are more confused.
The tarantella bites you!
Unknown command.
Unknown command.
You aren't carrying any items that you can evoke.
Unknown command.
The tarantella bites you! x2
* * * LOW HITPOINT WARNING * * *
Okay, then.
The tarantella bites you!
You die...

▓▓▓▓▓ ▓▓▓ ....♣
♣.##### ...♣.♣
♣♣.#___# ...♣♣♣
♣..#.er#
...≈.♣♣♣♣.###'#+###+##
..≈≈.♣.♣..#...3s@....#
)≈≈≈≈...♣.'.⌠........#
.≈≈≈≈≈≈♣..#...######+#
≈≈≈≈≈≈....#.⌠.#
≈≈≈≈≈.....#...#
≈≈≈.......#+###
..........#
..........#
▓▓▓▓▓▓▓▓▓▓▓


You could see a sun demon and a tarantella.

Vanquished Creatures
  A water elemental (D)
  Crazy Yiuf (D)
  Jessica (D)
  A human (D)
  2 oozes (D)
  A rat (D)
7 creatures vanquished.

Vanquished Creatures (others)
  2 draconian scorchers (D)
  6 hellions (D)
8 creatures vanquished.

Grand Total: 15 creatures vanquished

Notes
Turn   | Place    | Note
-------+----------+-------------------------------------------
     0 | D        | Dfrag the Troll Berserker began the quest for the Orb.
     0 | D        | Reached XP level 1. HP: 22/22 MP: 0/0
     8 | D        | Reached skill level 4 in Unarmed Combat
     8 | D        | Reached XP level 2. HP: 31/31 MP: 1/1
    12 | D        | Noticed Jessica
    13 | D        | Reached ** piety under Trog
    17 | D        | Killed Jessica
    17 | D        | Reached skill level 5 in Unarmed Combat
    17 | D        | Reached XP level 3. HP: 26/39 MP: 2/2
    36 | D        | Noticed Crazy Yiuf
    40 | D        | Killed Crazy Yiuf
    40 | D        | Reached skill level 5 in Fighting
    40 | D        | Reached skill level 6 in Unarmed Combat
    46 | D        | Reached *** piety under Trog
    46 | D        | Reached XP level 4. HP: 50/50 MP: 3/3
    79 | D        | Killed a hellion
    91 | D        | Gained mutation: You are robust. (+10% HP) [potion of mutation]
    91 | D        | Gained mutation: Scrolls take you a little longer to read. [potion of mutation]
    91 | D        | Gained mutation: You are somewhat resistant to further mutation. [potion of mutation]
    92 | D        | Lost mutation: Scrolls take you a little longer to read. [potion of mutation]
    92 | D        | Lost mutation: You are robust. (+10% HP) [potion of mutation]
    92 | D        | Lost mutation: You are somewhat resistant to further mutation. [potion of mutation]
    92 | D        | Gained mutation: Your magical capacity is low. (-10% MP) [potion of mutation]
    92 | D        | Gained mutation: You have a somewhat thin skeletal structure. (Dex +2, Stealth) [potion of mutation]
    92 | D        | Gained mutation: Your mind is acute. (Int +2) [potion of mutation]
    93 | D        | Lost mutation: Your magical capacity is low. (-10% MP) [potion of mutation]
    93 | D        | Lost mutation: You have a somewhat thin skeletal structure. (Dex +2, Stealth) [potion of mutation]
    93 | D        | Lost mutation: Your mind is acute. (Int +2) [potion of mutation]
    93 | D        | Gained mutation: You are frail. (-10% HP) [potion of mutation]
    93 | D        | Gained mutation: You occasionally shout uncontrollably at your foes. [potion of mutation]
    93 | D        | Gained mutation: Your flesh is cold resistant. (rC+) [potion of mutation]
    94 | D        | Lost mutation: You occasionally shout uncontrollably at your foes. [potion of mutation]
    94 | D        | Lost mutation: You are frail. (-10% HP) [potion of mutation]
    94 | D        | Lost mutation: Your flesh is cold resistant. (rC+) [potion of mutation]
    94 | D        | Gained mutation: Your magical capacity is low. (-10% MP) [potion of mutation]
    94 | D        | Gained mutation: Scrolls take you a little longer to read. [potion of mutation]
    94 | D        | Gained mutation: Your movements are slightly less encumbered by armour. (ER -2) [potion of mutation]
    95 | D        | Lost mutation: Scrolls take you a little longer to read. [potion of mutation]
    95 | D        | Lost mutation: Your magical capacity is low. (-10% MP) [potion of mutation]
    95 | D        | Gained mutation: You are clumsy. (Dex -2) [potion of mutation]
    95 | D        | Gained mutation: Your magical capacity is low. (-10% MP) [potion of mutation]
    95 | D        | Lost mutation: You are clumsy. (Dex -2) [potion of mutation]
   112 | D        | Noticed a water elemental
   118 | D        | Killed a water elemental
   118 | D        | Reached skill level 7 in Unarmed Combat
   118 | D        | Reached XP level 5. HP: 61/61 MP: 3/3
   128 | D        | Killed a hellion
   142 | D        | Killed a white draconian scorcher
   165 | D        | Killed a white draconian scorcher
   172 | D        | Found a glowing silver altar of Zin.
   172 | D        | Found a glowing golden altar of the Shining One.
   172 | D        | Found a white marble altar of Elyvilon.
   173 | D        | Noticed a deep elf mage
   175 | D        | Noticed a tarantella
   175 | D        | Noticed a demonic crawler
   180 | D        | Killed a hellion
   181 | D        | Noticed a sun demon
   181 | D        | Killed a hellion
   181 | D        | Killed a hellion
   182 | D        | Killed a hellion
   183 | D        | HP: 2/61 [tarantella[a deep elf mage] (17)]
   184 | D        | Mangled by a tarantella

Skill      XL: |  1  2  3  4 |
---------------+-------------+-----
Fighting       | 3 4 5 6 |  6.3
Unarmed Combat | 4 5 6 7 |  7.6
Dodging        | |  2.9

Action                   |  1- 3 |  4- 6 || total
-------------------------+-------+-------++-------
Melee: Unarmed           |    15 |     8 ||    23
       Punch             |     1 |       ||     1
Invok: Berserk           |     1 |     2 ||     3
  Use: Potion            |       |     5 ||     5
  Eat: Chunk             |     1 |       ||     1
Armor: Animal skin       |     1 |       ||     1
Dodge: Dodged            |     8 |     2 ||    10
